 Dungeon Crawl Stone Soup version 0.24.0-7-gb3623d2c88 (webtiles) character file.

Game seed: 1429191433025589008, levelgen mode: classic

81 EnegeticOcto the Vandal (level 4, 0/30 HPs)
             Began as an Octopode Hunter on Nov 2, 2019.
             Succumbed to an adder's poison
             ... on level 3 of the Dungeon.
             The game lasted 00:02:00 (2092 turns).

EnegeticOcto the Vandal (Octopode Hunter)           Turns: 2092, Time: 00:02:01

Health: 0/30       AC:  1    Str: 15    XL:     4   Next: 42%
Magic:  4/4        EV: 14    Int: 13    God:
Gold:   131        SH:  0    Dex: 13    Spells: 3/3 levels left

rFire    . . .     SeeInvis .   q - +1 whip (drain)
rCold    . . .     Gourm    .   (no shield)
rNeg     . . .     Faith    .   (helmet restricted)
rPois    .         Spirit   .   (no amulet)
rElec    .         Reflect  .   k - +4 ring of strength
rCorr    .         Harm     .   (no ring)
MR       .....                  (no ring)
Stlth    +++.......             (no ring)
HPRegen  0.10/turn              (no ring)
MPRegen  0.09/turn              (no ring)
                                (no ring)
                                (no ring)

@: lethally poisoned (0 -> -6), berserk cooldown, flying, slowed, very slow
A: almost no armour, stealthy swim, amphibious, 8 rings, constrict 8, camouflage
1, gelatinous body 1
a: no special abilities


You were on level 3 of the Dungeon.
You were not hungry.

You visited 1 branch of the dungeon, and saw 3 of its levels.

You collected 131 gold pieces.

Inventory:

Hand Weapons
 a - a +1 hunting sling
 b - a +0 short sword
 l - a +4 whip
 q - a +1 whip of draining (weapon)
Missiles
 c - 39 sling bullets
 h - 80 stones (quivered)
Jewellery
 k - a +4 ring of strength (left tentacle)
Wands
 n - a wand of polymorph (11)
Scrolls
 d - a scroll of random uselessness {unknown}
 g - a scroll of amnesia {unknown}
 i - a scroll of teleportation {unknown}
 j - 2 scrolls of identify {unknown}
 p - a scroll of immolation {unknown}
Potions
 f - a potion of flight
Comestibles
 e - 9 rations
 o - 2 chunks of flesh


   Skills:
 + Level 2.9 Fighting
 + Level 0.3 Maces & Flails
 - Level 4.3 Slings
 + Level 2.8 Dodging
 + Level 3.2 Stealth


You had 3 spell levels left.
You didn't know any spells.
Your spell library was empty.

Dungeon Overview and Level Annotations

Branches:
Dungeon (3/15)

Altars:
Dithmenos
Hepliaklqana


Innate Abilities, Weirdness & Mutations

You cannot wear most types of armour.
You are very stealthy in the water. (Stealth+)
You are amphibious.
You can wear up to eight rings at the same time.
You can use your tentacles to constrict eight enemies at once.
Your skin changes colour to match your surroundings (Stealth+).
Your rubbery body absorbs attacks. (AC +1, EV +1)


Message History

You kill the jackal!
The jackal bites you. The jackal misses you.
You closely miss the jackal. You grab the jackal. You constrict the jackal.
The jackal bites you. The jackal closely misses you. The jackal misses you. x2
You hit the jackal but do no damage.
The jackal is heavily wounded.
You constrict the jackal.
You are feeling hungry.
The jackal barely misses you. The jackal bites you.
You are too injured to fight recklessly!
You are too injured to fight recklessly!
You are too injured to fight recklessly!
You are too injured to fight recklessly!
You are too injured to fight recklessly!
You are too injured to fight recklessly!
You are too injured to fight recklessly!
You barely miss the jackal. Your grab misses the jackal.
You squeeze the jackal.
You kill the jackal!
You constrict the jackal.
You kill the jackal!
Eating one of 4 chunks of flesh.
You eat one of the 4 chunks of flesh.
This raw flesh tastes terrible.
Some of the chunks of flesh in your inventory have rotted away.
An orc comes into view. It is wielding a +0 flail.
An orc is nearby!
An orc is nearby!
An orc is nearby!
Found a falchion.
Found a stone staircase leading down.
You see here a jackal corpse.
Found 9 gold pieces and a leather armour.
The orc shouts!
The orc throws a boomerang.
The boomerang hits you.
The weapon returns to the orc!
You are too injured to fight recklessly!
You are too injured to fight recklessly!
You are too injured to fight recklessly!
You are too injured to fight recklessly!
You are too injured to fight recklessly!
You are too injured to fight recklessly!
You are too injured to fight recklessly!
You are too injured to fight recklessly!
You are too injured to fight recklessly!
You are too injured to fight recklessly!
You are too injured to fight recklessly!
You are too injured to fight recklessly!
You are too injured to fight recklessly!
The orc throws a boomerang.
The boomerang hits you but does no damage.
Found a ration.
The orc throws a boomerang.
The boomerang closely misses you.
The weapon returns to the orc!
An adder comes into view.
The orc throws a boomerang.
The boomerang closely misses you.
The weapon returns to the orc!
The orc hits you with a +0 flail!
You barely miss the orc. You grab the orc. You constrict the orc.
The orc completely misses you.
You hit the orc. You squeeze the orc.
You kill the orc!
You closely miss the adder. Your grab misses the adder.
The adder completely misses you.
You hit the adder. Your grab misses the adder.
The adder is heavily wounded.
The adder bites you.
* * * LOW HITPOINT WARNING * * *
You are poisoned.
The adder poisons you! The adder bites you.
* * * LOW HITPOINT WARNING * * *
You are lethally poisoned!
The adder poisons you!
You hit the adder. Your grab misses the adder.
The adder is heavily wounded.
* * * LOW HITPOINT WARNING * * *
You feel sick. The adder barely misses you.
It was a potion of flight.
You feel very buoyant.
You fly up into the air.
The adder barely misses you. The adder closely misses you.
It was a potion of berserk rage.
A red film seems to cover your vision as you go berserk!
You feel yourself moving faster!
You feel mighty!
* * * LOW HITPOINT WARNING * * *
You feel sick. The adder closely misses you.
You whack the adder!
You kill the adder!
* * * LOW HITPOINT WARNING * * *
You feel sick.
You feel a strong urge to attack something.
* * * LOW HITPOINT WARNING * * *
You feel sick.
A giant cockroach comes into view.
You feel your anger nearly subside.
You are no longer berserk.
You are exhausted.
You feel yourself slow down.
* * * LOW HITPOINT WARNING * * *
You feel sick.
* * * LOW HITPOINT WARNING * * *
You feel sick.
You die...

.........#....
.........#...
#............##
.........#.%. .
............ .
#....#.....
#.#..).#.[...
.##.#..@...# #
$....).....# ..
##..<....s.#...
###............. .
.#####..........##...
.. ......#.......#.....
...
##....#....!....###.
...#.....$.............
........#...†....#####


You could see a giant cockroach.

Vanquished Creatures
  An adder (D:3)
  An ooze (D:1)
  3 dart slugs (D:1)
  An orc (D:3)
  3 giant cockroaches
  7 hobgoblins
  8 jackals
  7 bats
  2 frilled lizards
  7 goblins
  6 kobolds
  9 rats
55 creatures vanquished.

Notes
Turn   | Place    | Note
-------+----------+-------------------------------------------
     0 | D:1      | EnegeticOcto the Octopode Hunter began the quest for the
                  | Orb.
     0 | D:1      | Reached XP level 1. HP: 14/14 MP: 1/1
    48 | D:1      | Reached XP level 2. HP: 19/19 MP: 2/2
   646 | D:1      | Reached XP level 3. HP: 25/25 MP: 3/3
  1293 | D:2      | Found a shadowy altar of Dithmenos.
  1787 | D:2      | Reached XP level 4. HP: 30/30 MP: 4/4
  1967 | D:2      | Found a hazy altar of Hepliaklqana.
  2090 | D:3      | HP: 1/30 [poisoned by an adder]
  2092 | D:3      | Succumbed to an adder's poison

Levels and vault maps discovered:
D:1:      dpeg_arrival_tiny_j, layout_loops_ring
D:2:      layout_rooms, grunt_dithmenos_smoke, lemuel_coloured_pillars_altar,
          first_ration
D:3:      layout_rooms, nemelex_xobeh_ov_fountains_minmay, uniq_sigmund

Skill      XL: |  1  2  3  4 |
---------------+-------------+-----
Stealth        | 2 3 |  3.2
Fighting       | |  2.9
Maces & Flails | |  0.3
Slings         | |  4.3
Dodging        | |  2.8

Action                   |  1- 3 |  4- 6 || total
-------------------------+-------+-------++-------
Melee: Short sword       |    72 |       ||    72
       Constrict         |    21 |     3 ||    24
       Tentacles         |    11 |     2 ||    13
       Whip              |    24 |    19 ||    43
  Use: Potion            |       |     2 ||     2
 Stab: Sleeping          |     9 |     1 ||    10
  Eat: Chunk             |     2 |     2 ||     4
Armor: Skin              |     7 |     2 ||     9
Dodge: Dodged            |    61 |    24 ||    85
